 Dungeon Crawl Stone Soup version 0.21.0-3-g78d12a8 (console) character file.

20069 removed the Brawler (level 12, -2/101 HPs)
             Began as a Barachi Transmuter on Jan 17, 2018.
             Was a Priest of Ru.
             Slain by a two-headed ogre
             ... wielding a +0 giant spiked club
              (24 damage)
             ... on level 11 of the Dungeon.
             The game lasted 00:37:24 (14370 turns).

removed the Brawler (Barachi Transmuter)           Turns: 14370, Time: 00:37:25

Health: -2/101     AC: 22    Str: 18      XL:     12   Next: 75%
Magic:  15/15      EV:  1    Int: 13      God:    Ru [***...]
Gold:   260        SH:  0    Dex: 11 (12) Spells: 15/15 levels left

rFire    . . .     SeeInvis +   v - +3 bardiche
rCold    + . .     Gourm    .   (shield currently unavailable)
rNeg     . . .     Faith    .   X - +2 crystal plate armour
rPois    .         Spirit   .   y - +0 helmet
rElec    .         Reflect  .   L - +0 cloak {+Inv}
rCorr    .         Harm     .   T - +1 pair of gloves
MR       .....                  U - +1 pair of boots
Stlth    ..........             D - amulet of regeneration
HPRegen  0.66/turn              S - ring of see invisible
MPRegen  0.14/turn              E - ring of protection from cold

@: extremely drained, slow
A: +LOS, swims, slowness 1, inability to use devices, no air magic, no
conjurations magic, no transmutations magic, strong legs 1
a: Hop, Draw Out Power, Renounce Religion


You were on level 11 of the Dungeon.
You worshipped Ru.
Ru was most pleased with you.
You were hungry.

You visited 3 branches of the dungeon, and saw 14 of its levels.
You also visited: Ossuary and Bailey.

You collected 746 gold pieces.
You spent 486 gold pieces at shops.

Inventory:

Hand Weapons
 v - a +3 bardiche (weapon)
 O - a +4 broad axe
 P - a +0 quick blade
Missiles
 a - 290 arrows
 V - 3 throwing nets (quivered)
 Y - 2 curare-tipped needles
Armour
 k - a +0 buckler
 x - a +2 plate armour of cold resistance
 y - a +0 helmet (worn)
 C - a +0 shield
 L - a +0 cloak of invisibility (worn)
 T - a +1 pair of gloves (worn)
 U - a +1 pair of boots (worn)
 X - a +2 crystal plate armour (worn)
Jewellery
 D - an amulet of regeneration (around neck)
 E - a ring of protection from cold (right hand)
 I - an uncursed ring of protection from cold
 J - an uncursed amulet of guardian spirit
 S - a ring of see invisible (left hand)
Scrolls
 i - 3 scrolls of amnesia
 o - 15 scrolls of teleportation
 p - 2 scrolls of blinking
 s - 3 scrolls of magic mapping
 u - a scroll of torment
 A - 6 scrolls of remove curse
 K - a scroll of brand weapon {unknown}
 M - a scroll of vulnerability {unknown}
 W - a scroll of fog
Potions
 g - 8 potions of curing
 j - a potion of resistance
 m - 2 potions of heal wounds
 n - 2 potions of agility
 w - 2 potions of brilliance
 F - 2 potions of cancellation
 G - 3 potions of magic
 N - a potion of flight
 Q - a potion of might
 R - 2 potions of haste
 Z - a potion of mutation
Comestibles
 d - 22 rations


   Skills:
 - Level 11.7(0.0) Fighting
 - Level 11.0(0.0) Armour
 - Level 2.2(0.0) Dodging
 + Level 16.4(0.0) Unarmed Combat
 - Level 2.1(0.0) Spellcasting


You had 15 spell levels left.
You didn't know any spells.

Dungeon Overview and Level Annotations

Branches:
Dungeon (12/15)            Temple (1/1) D:7            Lair (1/6) D:8
    Orc (0/2) D:10

Altars:
Ashenzari
Cheibriados
Dithmenos
Elyvilon
Fedhas
Gozag
Hepliaklqana
Kikubaaqudgha
Makhleb
Nemelex Xobeh
Okawaru
Qazlal
Ru
Sif Muna
Trog
Uskayaw
Vehumet
Wu Jian
Xom
Yredelemnul
Zin
The Shining One

Shops:
D:5 %   D:11 *

Annotations:
Lair:1 Gastronok, Sonja


Innate Abilities, Weirdness & Mutations

Shadows flee at your approach. (+LOS)
You can swim through water.
You cover ground slowly.
You cannot study or use magical devices.
You cannot study or cast Air magic.
You cannot study or cast Conjurations magic.
You cannot study or cast Transmutations magic.
You can hop short distances.


Message History

The two-headed ogre hits you but does no damage.
The two-headed ogre hits you with a giant club.
You slash the two-headed ogre!
The two-headed ogre is almost dead.
The two-headed ogre hits you but does no damage.
The two-headed ogre hits you with a giant club!
The two-headed ogre hits you but does no damage. x2
You are too injured to fight recklessly!
Your crystal plate armour prevents you from hitting the two-headed ogre.
The two-headed ogre is almost dead.
The two-headed ogre hits you with a giant spiked club!
The two-headed ogre hits you with a giant club!
* * * LOW HITPOINT WARNING * * *
Your crystal plate armour prevents you from hitting the two-headed ogre.
The two-headed ogre is almost dead.
The two-headed ogre hits you but does no damage.
The two-headed ogre hits you with a giant club.
* * * LOW HITPOINT WARNING * * *
The two-headed ogre hits you with a giant spiked club!!
You die...

.....>###..##......#....####.....
...........###.......#.....##(#..
.....###.#.###....)#..........#..
............##.....#.............
.....###<#.........#.)...........
#.##.....####......#.............
..##.########......#...........#.
.....###...##./....#.............
.......##......O@................
.....#..........).............###
....########....####.............
....# ######....##..........###
....## #...##.##.†#......<...#
.....####...#.....†.........#.#
....^.........##.#.###.....##.#
#########...####...#####...##.###
##### ##...####.##.....#


You could see a two-headed ogre.

Vanquished Creatures
  Erolcha (D:9)
  A hydra (D:11)
  3 two-headed ogres
  The ghost of matthes123 the Spear-Bearer, a novice MfGl of Hepliaklqana (D:9)
  2 unseen horrors
  5 orc knights (Bailey)
  A cyclops (D:11)
  Maurice (D:9)
  A black mamba (Lair:1)
  The ghost of komo4ek the Slasher, a novice HuFi (D:5)
  A kobold demonologist (D:12)
  A komodo dragon (D:8)
  3 trolls
  Grinder (D:3)
  A hippogriff (D:10)
  21 yaks
  A vampire (D:10)
  A basilisk (D:12)
  A soldier ant (D:11)
  3 porcupines (Lair:1)
  3 orc warriors
  An eye of draining (D:12)
  3 ice beasts
  2 black bears
  3 sky beasts
  A phantom (D:8)
  A necrophage (D:5)
  6 ogres
  3 wolves (D:8)
  8 centaurs
  A crocodile (Lair:1)
  7 bullfrogs
  4 elf zombies (Ossuary)
  6 big kobolds
  4 scorpions
  10 killer bees
  2 wights (D:9)
  2 vampire bats (D:4)
  5 howler monkeys
  2 centaur zombies
  4 crimson imps
  A bullfrog zombie (D:7)
  A jelly (D:5)
  7 orc priests
  A hound (D:4)
  2 bullfrog skeletons
  2 centaur skeletons
  Natasha (thrice) (D:3)
  4 iguanas
  10 orc wizards
  4 worker ants
  A hound skeleton (D:9)
  2 howler monkey zombies (D:7)
  4 mummies (Ossuary)
  A worker ant zombie (D:5)
  Robin (D:2)
  10 gnolls
  10 adders
  2 shadow imps
  2 oozes
  3 adder zombies
  An adder skeleton (D:7)
  2 worms
  5 dart slugs
  5 leopard geckos
  34 orcs
  2 bat skeletons (D:4)
  3 bat zombies (D:4)
  7 giant cockroaches
  2 gnoll zombies (Ossuary)
  15 goblins
  12 hobgoblins
  7 jackals
  22 kobolds
  2 quokkas
  9 bats
  4 frilled lizards
  A goblin zombie (Ossuary)
  3 jackal zombies
  A kobold zombie (Ossuary)
  An orc zombie (Ossuary)
  A quokka skeleton (D:8)
  5 rats
344 creatures vanquished.

Vanquished Creatures (others)
  A hippogriff (Lair:1)
  A wight (D:9)
  An adder (D:12)
  A bat (D:2)
  A goblin (D:2)
  11 plants (D:8)
16 creatures vanquished.

Grand Total: 360 creatures vanquished

Notes
Turn   | Place    | Note
-------+----------+-------------------------------------------
     0 | D:1      | removed the Barachi Transmuter began the quest for the Orb.
     0 | D:1      | Reached XP level 1. HP: 15/15 MP: 3/3
   129 | D:1      | Reached XP level 2. HP: 21/21 MP: 5/5
   132 | D:1      | Reached skill level 4 in Unarmed Combat
   499 | D:1      | Reached XP level 3. HP: 26/26 MP: 6/6
   761 | D:2      | HP: 1/26 [gnoll/spear (8)]
  1228 | D:2      | Reached skill level 5 in Unarmed Combat
  1412 | D:2      | Found a stormy altar of Qazlal.
  1433 | D:2      | Reached XP level 4. HP: 14/32 MP: 7/7
  1441 | D:2      | HP: 1/32 [gnoll/spear (5)]
  1670 | D:2      | Noticed Robin
  1688 | D:2      | Killed Robin
  1895 | D:2      | Reached skill level 6 in Unarmed Combat
  1946 | D:2      | Reached XP level 5. HP: 37/37 MP: 8/8
  2414 | D:3      | Noticed Natasha
  2431 | D:3      | Killed Natasha
  2514 | D:3      | Noticed Natasha
  2523 | D:3      | Killed Natasha
  2583 | D:3      | Noticed Grinder
  2590 | D:3      | Killed Grinder
  2590 | D:3      | Reached skill level 7 in Unarmed Combat
  2590 | D:3      | Reached XP level 6. HP: 39/47 MP: 9/9
  2770 | D:3      | Noticed Natasha
  2784 | D:3      | Killed Natasha
  2784 | D:3      | Reached XP level 7. HP: 17/54 MP: 10/10
  3210 | D:4      | Reached skill level 1 in Armour
  3254 | D:4      | Found a sand-covered staircase.
  3259 | Ossuary  | Entered an ossuary
  3368 | Ossuary  | Reached skill level 8 in Unarmed Combat
  3657 | D:4      | Reached XP level 8. HP: 35/60 MP: 11/11
  3946 | D:4      | Found an ancient bone altar of Kikubaaqudgha.
  3961 | D:4      | Reached skill level 9 in Unarmed Combat
  4015 | D:4      | Reached skill level 5 in Fighting
  4102 | D:4      | Found a hide-covered altar of Uskayaw.
  4405 | D:5      | Entered Level 5 of the Dungeon
  4407 | D:5      | Found Laesuol's Food Boutique.
  4680 | D:5      | Found a bloodstained altar of Trog.
  4841 | D:5      | Noticed komo4ek's ghost (novice HuFi)
  4875 | D:5      | Killed komo4ek's ghost
  4875 | D:5      | Reached skill level 10 in Unarmed Combat
  4875 | D:5      | Reached XP level 9. HP: 57/72 MP: 12/12
  5516 | D:6      | Reached skill level 11 in Unarmed Combat
  5832 | D:6      | Reached skill level 12 in Unarmed Combat
  6741 | D:7      | Found a staircase to the Ecumenical Temple.
  6749 | D:7      | Reached XP level 10. HP: 82/83 MP: 13/13
  6766 | D:7      | Reached skill level 10 in Fighting
  6927 | Temple   | Entered the Ecumenical Temple
  7089 | Temple   | Became a worshipper of Ru the Awakened
  7747 | D:8      | Found a staircase to the Lair.
  7984 | D:8      | Found a blossoming altar of Fedhas.
  8175 | D:9      | Noticed a two-headed ogre
  8185 | D:9      | Killed a two-headed ogre
  8202 | D:9      | Noticed a two-headed ogre
  8217 | D:9      | Reached skill level 13 in Unarmed Combat
  8225 | D:9      | Killed a two-headed ogre
  8225 | D:9      | Reached skill level 5 in Armour
  8301 | D:9      | Noticed Erolcha
  8319 | D:9      | Gained mutation: You cannot study or use magical devices. [Ru sacrifice]
  8319 | D:9      | Reached * piety under Ru
  8319 | D:9      | Reached ** piety under Ru
  8325 | D:9      | Killed Erolcha
  8325 | D:9      | Reached XP level 11. HP: 49/93 MP: 14/14
  8652 | D:9      | Got a colourful robe
  9071 | D:9      | Noticed Maurice
  9071 | D:9      | Noticed matthes123's ghost (novice MfGl)
  9089 | D:9      | Killed Maurice
  9130 | D:9      | Killed matthes123's ghost
  9130 | D:9      | Reached skill level 14 in Unarmed Combat
  9203 | D:9      | Found a shimmering altar of Xom.
  9284 | D:9      | Identified a scroll of acquirement
  9298 | D:10     | Entered Level 10 of the Dungeon
  9330 | D:10     | Killed an unseen horror
  9422 | D:10     | Found a flagged portal.
  9471 | Bailey   | Entered a bailey
  9569 | Bailey   | Noticed an orc knight
  9569 | Bailey   | Noticed an orc knight
  9569 | Bailey   | Noticed an orc knight
  9569 | Bailey   | Noticed an orc knight
  9569 | Bailey   | Noticed an orc knight
  9895 | Bailey   | Killed an orc knight
  9903 | Bailey   | Killed an orc knight
  9912 | Bailey   | Killed an orc knight
  9912 | Bailey   | Reached skill level 10 in Armour
  9915 | Bailey   | Killed an orc knight
  9921 | Bailey   | Killed an orc knight
 10051 | Bailey   | Got a jewelled shortbow
 10193 | D:10     | Found a staircase to the Orcish Mines.
 10263 | D:10     | Noticed a two-headed ogre
 10283 | D:10     | Killed a two-headed ogre
 10283 | D:10     | Reached XP level 12. HP: 94/100 MP: 15/15
 10688 | D:11     | Found Ehaetwes's Assorted Antiques.
 10720 | D:10     | Reached skill level 15 in Unarmed Combat
 11249 | D:11     | Gained mutation: You cannot study or cast Air magic. [Ru sacrifice]
 11249 | D:11     | Gained mutation: You cannot study or cast Transmutations magic. [Ru sacrifice]
 11249 | D:11     | Gained mutation: You cannot study or cast Conjurations magic. [Ru sacrifice]
 11249 | D:11     | Reached *** piety under Ru
 11266 | D:11     | Noticed an eight-headed hydra
 11340 | D:11     | Killed an eight-headed hydra
 11540 | D:11     | Bought a sparkling brass ring for 180 gold pieces
 11540 | D:11     | Bought a runed shield for 270 gold pieces
 11541 | D:11     | Identified the ring of Isomn {MP+9 Int+2} (You bought it in a shop on level 11 of the Dungeon)
 11556 | D:11     | Bought a scroll labeled CIEDAR QIACZA for 36 gold pieces
 11661 | Lair:1   | Entered Level 1 of the Lair of Beasts
 11725 | Lair:1   | Reached skill level 16 in Unarmed Combat
 11851 | Lair:1   | Noticed Gastronok
 12101 | Lair:1   | Noticed Sonja
 12772 | D:12     | Noticed a soul eater
 13919 | D:12     | Noticed a two-headed ogre
 14349 | D:12     | Noticed a two-headed ogre
 14370 | D:11     | Slain by a two-headed ogre

Skill      XL: |  1  2  3  4  5  6  7  8  9 10 11 12 |
---------------+-------------------------------------+-----
Unarmed Combat | 4 5 6 7 8 10 12 13 14 16 | 16.4
Fighting       | 3 4 7 9 11 | 11.7
Armour         | 3 7 11 | 11.0
Transmutations | 0 |  0.0
Dodging        | |  2.2
Spellcasting   | |  2.1

Action                   |  1- 3 |  4- 6 |  7- 9 | 10-12 || total
-------------------------+-------+-------+-------+-------++-------
Melee: Unarmed           |   110 |   123 |   528 |   818 ||  1579
       Punch             |     1 |     5 |    12 |    26 ||    44
       Quick blade       |       |       |       |   517 ||   517
       Bardiche          |       |       |       |   153 ||   153
Invok: Sacrifice Artific |       |       |       |     1 ||     1
       Sacrifice Arcana  |       |       |       |     1 ||     1
 Abil: Hop               |       |     1 |     1 |     7 ||     9
Evoke: Wand              |       |       |       |     9 ||     9
  Use: Scroll            |     5 |       |    13 |    16 ||    34
       Potion            |       |     2 |     1 |     7 ||    10
 Stab: Sleeping          |     1 |       |       |       ||     1
       Invisible         |       |       |     8 |    13 ||    21
       Paralysed         |       |       |       |    21 ||    21
       Petrified         |       |       |       |    15 ||    15
       Distracted        |       |       |       |     4 ||     4
  Eat: Chunk             |     2 |     5 |    11 |    16 ||    34
       Ration            |       |       |     1 |     4 ||     5
Armor: Robe              |    34 |    14 |       |       ||    48
       Chain mail        |       |       |   348 |   122 ||   470
       Skin              |       |       |       |    19 ||    19
       Crystal plate arm |       |       |       |  1140 ||  1140
Dodge: Dodged            |    80 |    53 |   184 |   157 ||   474
Block: Shield            |       |       |       |   222 ||   222
